Map: Kairos Junction LE

Players

Kelazhur

  • Race: Terran Terran
  • Spawn Location: 11:00

llllllllllll (sOs) - Winner!

  • Race: Protoss Protoss
  • League: Master
  • Spawn Location: 5:00

Event: IEM Season 13 - Katowice Server Qualifiers America

VOD

Have the link to the VOD?

Description

Time

  • Played on: Jan. 6, 2019, 4:27 p.m.
  • Length: 17:27

All games in this series

Show
View Real Time Build Order
Export as new Build Order

Kelazhur Terran 

Build Orders: Cyclone Opening 

Get SALT Encoding   

  12  0:00  SCV  
  13  0:13  SCV  
  14  0:18  Supply Depot  
  14  0:25  SCV  
  15  0:40  Barracks, SCV  
  16  0:46  Refinery  
  16  0:52  SCV  
  16  0:56  Refinery  
  18  1:04  SCV  
  18  1:16  SCV  
  19  1:27  Reaper  
  19  1:28  Orbital Command  
  20  1:42  Bunker  
  20  1:44  Supply Depot  
  20  1:51  Factory  
  20  1:55  SCV  
  20  2:00  Barracks Tech Lab  
  21  2:07  SCV  
  22  2:20  SCV  
  23  2:23  Concussive Shells, Marauder  
  25  2:32  SCV  
  25  2:35  Factory Tech Lab, Supply Depot  
  26  2:44  SCV  
  27  2:47  Marauder  
  29  2:56  SCV  
  30  2:59  Cyclone  
  30  3:02  Mag-Field Accelerator  
  33  3:08  Marauder, SCV  
  35  3:20  SCV  
  36  3:32  SCV  
  37  3:43  Cyclone  
  39  3:52  Supply Depot  
  39  3:53  Starport  
  39  3:59  Marauder  
  35  4:14  Command Center  
  35  4:15  Cyclone  
  34  4:18  SCV  
  34  4:21  Marauder  
  37  4:31  Viking  
  39  4:34  Barracks, SCV  
  38  4:47  SCV  
  39  4:54  Supply Depot  
  39  4:55  Bunker, Cyclone  
  43  5:00  SCV  
  43  5:01  Liberator  
  43  5:16  SCV  
  47  5:27  Orbital Command  
  47  5:29  SCV  
  48  5:40  Factory Tech Lab  
  48  5:45  SCV  
  49  5:56  Marine, Barracks Reactor  
  50  5:57  SCV, Stimpack  
  50  6:01  Barracks, SCV  
  50  6:02  Barracks  
  50  6:03  Barracks  
  52  6:09  SCV  
  53  6:12  Viking  
  53  6:13  Siege Tank  
  53  6:16  SCV  
  53  6:17  Marine  
  60  6:28  SCV  
  60  6:31  Refinery, SCV  
  60  6:32  Refinery, Engineering Bay  
  62  6:33  Marine  
  63  6:40  SCV  
  63  6:44  Marine x2, SCV  
  63  6:45  Starport Reactor  
  64  6:47  Siege Tank  
  64  6:53  SCV, Supply Depot  
  68  6:54  Supply Depot  
  68  6:57  Barracks Reactor  
  68  7:00  Barracks Reactor  
  68  7:02  Marine x2  
  70  7:09  Supply Depot  
  70  7:14  SCV x2, Terran Infantry Weapons Level 1  
  70  7:15  Marine  
  74  7:27  SCV  
  74  7:29  Siege Tank  
  77  7:30  Starport Reactor  
  77  7:31  SCV  
  77  7:36  Marine x3  
  81  7:37  Marine x6, Supply Depot  
  87  7:44  Supply Depot  
  87  7:54  Marine x4  
  87  7:56  Marine, SCV x2  
  87  7:58  Marine x4, Combat Shield  
  94  8:02  Supply Depot  
  98  8:12  Marine x3  
  101  8:14  Siege Tank  
  98  8:22  Medivac x2  
  98  8:25  Marine x3  
  105  8:27  Marine  
  105  8:33  Marine  
  105  8:34  Marine  
  107  8:38  Marine x2  
  111  8:42  Marine, Marauder  
  111  8:43  Marine x2  
  111  8:44  Marine  
  116  8:53  Medivac  
  118  9:03  Supply Depot  
  118  9:04  Command Center  
  118  9:08  Medivac  
  120  9:10  Terran Infantry Armor Level 1  
  120  9:17  Marine x2, Marauder  
  120  9:20  Marine  
  120  9:21  Marine  
  120  9:22  Marine x3  
  126  9:24  Marine  
  126  9:25  SCV x2  
  129  9:35  Marine  
  128  9:40  Marine x6  
  128  9:44  Supply Depot  
  134  9:51  Marine x2  
  110  10:01  Marine  
  110  10:03  Marine  
  110  10:05  Marine x3  
  110  10:06  Marine x2  
  106  10:08  Marine  
  107  10:18  Orbital Command  
  107  10:23  Marauder  
  107  10:26  Viking  
  107  10:27  Viking  
  107  10:28  Marine x7  
  120  10:41  Marine  
  121  10:45  Marauder, Widow Mine  
  121  10:46  Marine x2  
  116  11:00  Viking x2  
  116  11:01  Marine  
  116  11:02  Marine x3  
  116  11:03  Marine  
  80  11:26  Marine, Marauder, Orbital Command  
  80  11:30  Viking x2  
  82  11:33  Marine x4  
  82  11:39  SCV x2  
  88  11:41  Marine  
  89  11:54  SCV x3  
  92  12:02  Marine x3  
  92  12:03  Marine x2, Marauder  
  92  12:05  Marine  
  92  12:06  Marine  
  101  12:13  Viking  
  101  12:18  Viking  
  101  12:20  Marine  
  102  12:23  Marine x2  
  102  12:24  Marauder  
  106  12:32  Marine  
  106  12:33  Marine x2  
  106  12:35  Marine x2  
  111  12:37  Marine  
  111  12:43  Viking  
  114  12:45  Marauder  
  114  12:48  Viking  
  61  13:07  Marauder  
  61  13:08  Marine x8  
  61  13:10  Widow Mine  
  69  13:13  Medivac  
  69  13:18  Medivac  
  70  13:26  Marine x2  
  70  13:31  SCV x2  
  70  13:36  Command Center  
  70  13:38  Factory Reactor  
  65  13:43  Marine x4, SCV  
  65  13:45  Marauder  
  65  13:46  Marine  
  73  13:50  Medivac x2  
  77  13:57  Marauder  
  77  13:58  Widow Mine x2  
  77  14:02  Marine  
  84  14:03  Marine  
  84  14:04  Liberator  
  84  14:07  Marine, Marauder  
  84  14:09  Marine  
  89  14:22  Marine  
  93  14:27  Marine x2  
  95  14:35  Marauder  
  97  14:45  Widow Mine x2  
  99  14:49  Liberator x2  
  99  14:56  Orbital Command  
  102  15:09  Widow Mine  
  102  15:17  Widow Mine  
  102  15:20  Marine  
  102  15:21  Marine, Marauder  
  107  15:23  Marine  
  109  15:31  Widow Mine  
  109  15:32  Liberator x2  
  109  15:46  Marauder  
  109  15:48  Widow Mine  
  117  15:52  Widow Mine  
  118  16:00  Armory  
  118  16:06  Marine x2, Marauder  
  118  16:10  Command Center  
  122  16:13  Marine  
  122  16:16  Widow Mine x2  
  122  16:17  Marauder  
  129  16:18  Marine  
  108  16:50  Marine x6, Marauder x2  
  118  17:00  Widow Mine x2  
  126  17:07  Marine  
  126  17:08  Marine x3  
Show
View Real Time Build Order
Export as new Build Order

llllllllllll Protoss - Winner!

Build Orders: 1 Gate Expand 

Get SALT Encoding   

  12  0:01  Probe  
  13  0:13  Probe  
  14  0:18  Pylon  
  14  0:25  Probe  
  15  0:28  Assimilator  
  15  0:35  Probe  
  15  0:42  Gateway  
  16  0:43  Probe  
  17  0:51  Probe  
  18  1:03  Probe  
  19  1:15  Probe  
  20  1:22  Nexus  
  20  1:31  Cybernetics Core  
  20  1:35  Probe  
  20  1:39  Assimilator  
  21  1:47  Probe  
  21  1:51  Pylon  
  22  1:59  Probe, Stalker  
  23  2:11  Probe, Warp Gate  
  25  2:23  Probe  
  25  2:29  Stalker  
  28  2:35  Probe  
  29  2:43  Robotics Facility, Probe  
  30  2:48  Probe  
  31  2:53  Shield Battery  
  31  3:00  Stalker  
  33  3:11  Probe  
  33  3:12  Probe  
  35  3:19  Immortal  
  34  3:27  Stalker  
  32  3:49  Warp Prism, Probe x2  
  32  3:51  Stalker  
  35  4:13  Probe x2  
  35  4:15  Immortal  
  33  4:29  Probe x2  
  39  4:31  Stalker  
  41  4:40  Probe  
  41  4:41  Probe  
  43  4:48  Probe  
  43  4:49  Probe  
  43  4:51  Pylon  
  43  4:55  Observer  
  46  5:01  Pylon  
  46  5:09  Probe x2  
  48  5:18  Observer  
  48  5:20  Probe, Pylon  
  49  5:21  Probe  
  49  5:22  Sentry  
  49  5:26  Robotics Bay  
  49  5:27  Assimilator  
  53  5:28  Assimilator  
  53  5:29  Probe  
  53  5:33  Probe  
  55  5:37  Probe  
  56  5:45  Stalker  
  56  5:47  Probe  
  60  5:50  Probe  
  60  5:53  Observer  
  60  5:56  Pylon  
  60  5:59  Probe  
  60  6:00  Gateway  
  60  6:01  Gateway  
  61  6:13  Probe x2  
  61  6:14  Colossus  
  61  6:15  Extended Thermal Lance  
  69  6:19  Stalker  
  69  6:42  Stalker  
  71  6:47  Nexus  
  71  6:49  Probe x2  
  71  6:50  Pylon  
  73  6:55  Colossus  
  73  7:07  Probe x2  
  75  7:10  Pylon  
  81  7:21  Probe x2  
  83  7:24  Sentry, Forge  
  83  7:29  Protoss Ground Weapons Level 1  
  85  7:34  Probe x2  
  85  7:35  Sentry, Zealot  
  91  7:50  Twilight Council  
  91  7:55  Probe x2  
  91  7:56  Colossus  
  93  8:02  Zealot x3  
  93  8:04  Observer  
  105  8:06  Gateway  
  105  8:09  Charge  
  105  8:10  Gateway  
  105  8:24  Probe x3  
  108  8:31  Gateway, Pylon  
  108  8:33  Templar Archives  
  107  8:34  Pylon  
  107  8:38  Probe  
  107  8:39  Pylon  
  108  8:46  Colossus  
  108  8:50  Probe  
  108  8:51  Pylon  
  108  8:54  Pylon  
  107  8:59  Zealot x3  
  119  9:07  Observer  
  119  9:08  Gateway  
  119  9:11  Stalker x2  
  123  9:22  High Templar x2  
  123  9:23  Zealot  
  129  9:26  Zealot  
  129  9:27  Archon  
  129  9:30  Photon Cannon  
  131  9:31  Pylon  
  131  9:32  Colossus  
  91  10:06  Protoss Ground Armor Level 1  
  87  10:07  High Templar x2  
  87  10:08  Zealot x5  
  101  10:18  Nexus  
  101  10:27  Blink, Pylon  
  101  10:31  Archon  
  101  10:34  Stalker x4  
  109  10:47  Zealot x2  
  113  10:50  Colossus  
  119  11:05  Pylon  
  81  11:31  Sentry, High Templar x2  
  75  11:34  Probe, Warp Prism, Zealot  
  75  11:35  Zealot  
  75  11:36  Archon, Zealot  
  82  11:43  Nexus  
  83  11:49  Stalker  
  85  11:56  Stalker x3  
  85  12:01  Zealot  
  93  12:12  Pylon  
  91  12:27  High Templar  
  91  12:28  High Templar  
  95  12:31  Zealot  
  95  12:32  Zealot x4  
  95  12:33  Archon  
  93  13:04  Zealot x7  
  89  13:06  Psionic Storm  
  83  13:23  Warp Prism  
  85  13:29  High Templar x2  
  85  13:30  High Templar x2  
  85  13:31  Probe x2  
  85  13:33  Protoss Ground Armor Level 2  
  95  13:38  Pylon  
  95  13:40  Probe  
  96  13:55  Probe x3  
  99  14:00  Immortal  
  103  14:10  Probe x2  
  103  14:12  High Templar  
  107  14:21  Zealot x5  
  117  14:25  Probe  
  118  14:38  Stalker  
  120  14:46  Observer  
  121  14:52  Stalker  
  121  14:53  Stalker x4  
  129  15:00  Probe  
  129  15:03  Photon Cannon  
  124  15:15  Immortal  
  128  15:29  Zealot  
  128  15:30  Zealot  
  130  15:36  Nexus  
  126  15:57  High Templar x3  
  126  15:58  High Templar, Zealot x3  
  140  16:05  Archon  
  140  16:06  Archon  
  140  16:11  Nexus  
  140  16:13  Immortal  
  140  16:27  Zealot  
  140  16:28  Zealot x2  
  140  16:30  Pylon  
  144  16:38  Zealot x4  
  146  16:49  Zealot x3  
  152  17:03  Stalker  

Tags
 
Add a new tag
Caveats
  • Supply blocks, unpowered buildings, or Contaminate may cause inaccurate times.
  • Supply counts are checked every 10 seconds.